Map: Mist Opportunities

Players

cosmo

  • Race: Terran Terran

NamroodTuo

  • Race: Zerg Zerg

VOD

Have the link to the VOD?

Description

Time

  • Played on: April 17, 2023, 4:25 a.m.
  • Length: 30:08
Show
View Real Time Build Order
Export as new Build Order

cosmo Terran 

Build Orders:  

Get SALT Encoding   

  12  0:03  SCV  
  12  0:04  SCV x6  
  12  0:09  Supply Bunker, Dominion Trooper x6  
  20  0:30  Dominion Trooper  
  20  0:38  Dominion Trooper  
  22  0:46  Dominion Trooper  
  23  0:53  Dominion Trooper  
  24  1:04  Dominion Trooper  
  24  1:14  Command Center  
  25  1:27  Dominion Trooper  
  26  1:30  Barracks  
  26  1:35  Dominion Trooper  
  26  1:37  SCV  
  27  1:42  Refinery  
  27  2:06  Supply Bunker  
  27  2:14  Refinery  
  27  2:40  Engineering Bay  
  27  2:51  SCV  
  27  2:59  SCV  
  29  3:05  Factory  
  29  3:23  Refinery  
  29  3:25  SCV x7  
  29  3:29  Command Center  
  29  3:30  SCV x2  
  29  3:37  Refinery  
  31  3:47  Supply Bunker, Dominion Trooper x6  
  37  4:16  Starport  
  37  4:30  Armory  
  37  4:36  SCV x2  
  45  5:02  Supply Bunker, Dominion Trooper x6  
  45  5:11  SCV x5  
  45  5:12  SCV  
  45  5:31  SCV x2  
  45  5:39  SCV x2  
  49  5:43  Fusion Core  
  49  5:57  Supply Bunker  
  49  6:13  Terran Infantry Weapons Level 1  
  49  6:20  Supply Bunker  
  49  6:21  Imperial Witness  
  51  6:43  Supply Bunker  
  51  6:44  Unknown  
  50  6:51  Imperial Witness  
  52  7:28  Engineering Bay  
  52  7:29  Amplified Airwaves  
  52  8:05  Battlecruiser  
  63  8:17  Dominion Trooper  
  63  8:18  Dominion Trooper  
  66  8:25  Dominion Trooper  
  66  8:26  Dominion Trooper  
  66  8:27  Supply Bunker, Dominion Trooper x6  
  66  8:29  Field-Assist Targeting System  
  74  8:32  Unknown  
  74  8:33  Dominion Trooper  
  74  8:34  Unknown, Dominion Trooper  
  74  8:35  Supply Bunker, Dominion Trooper x6  
  80  8:41  Dominion Trooper  
  80  8:42  Dominion Trooper  
  80  9:01  Unknown  
  79  9:20  Imperial Witness  
  79  9:26  Unknown, Supply Bunker, Dominion Trooper x6  
  84  9:45  Imperial Witness  
  84  9:46  Unknown  
  84  9:47  Unknown  
  82  10:03  Imperial Witness  
  82  10:08  Imperial Witness  
  84  10:23  Unknown  
  83  10:38  Imperial Witness  
  89  11:01  Supply Bunker, Dominion Trooper x6  
  89  11:24  Imperial Witness  
  89  11:28  Unknown  
  89  11:29  Unknown, Supply Bunker, Dominion Trooper x6  
  93  11:33  Unknown  
  92  11:51  Battlecruiser  
  102  12:23  Imperial Witness  
  102  12:38  Unknown  
  101  12:40  Unknown  
  101  12:44  Unknown  
  101  12:46  Unknown  
  98  13:00  Terran Infantry Weapons Level 2  
  98  13:17  Terran Infantry Armor Level 1  
  98  13:28  Unknown x7  
  98  13:29  Unknown x8  
  98  13:32  Unknown x2  
  98  13:33  Unknown  
  98  13:34  Unknown  
  98  13:39  Unknown  
  95  13:54  Imperial Witness  
  95  13:55  Dominion Trooper  
  95  13:56  Dominion Trooper  
  97  14:03  Dominion Trooper  
  97  14:04  Dominion Trooper  
  97  14:05  Unknown x2  
  97  14:11  Dominion Trooper  
  97  14:12  Dominion Trooper  
  97  14:19  Unknown, Dominion Trooper  
  97  14:20  Dominion Trooper  
  97  14:21  Unknown  
  97  14:27  Dominion Trooper x2  
  99  14:35  Dominion Trooper x2, Imperial Witness  
  101  14:43  Dominion Trooper x2  
  103  14:51  Dominion Trooper x2  
  103  14:53  Unknown  
  103  14:54  Unknown x3  
  103  14:55  Unknown  
  103  14:56  Unknown  
  103  14:57  Unknown  
  103  14:58  Unknown  
  95  15:00  Unknown x2  
  95  15:01  Battlecruiser  
  103  15:19  Imperial Witness  
  103  15:35  Unknown  
  103  15:37  Unknown  
  103  15:38  Unknown  
  103  15:39  Unknown x2  
  99  15:41  Unknown, Dominion Trooper  
  99  15:42  Unknown x2, Dominion Trooper  
  99  15:44  Unknown  
  99  15:49  Dominion Trooper  
  98  15:50  Dominion Trooper  
  98  15:57  Unknown, Dominion Trooper  
  98  15:58  Unknown, Dominion Trooper  
  98  15:59  Unknown x2  
  97  16:00  Unknown x2  
  97  16:02  Unknown  
  97  16:05  Dominion Trooper  
  97  16:06  Unknown x5, Dominion Trooper  
  97  16:07  Unknown  
  97  16:08  Unknown  
  83  16:13  Dominion Trooper  
  83  16:14  Dominion Trooper  
  75  16:21  Dominion Trooper  
  75  16:22  Dominion Trooper  
  75  16:29  SCV, Dominion Trooper  
  73  16:30  Dominion Trooper  
  73  16:31  Imperial Witness  
  73  16:33  SCV  
  73  16:37  SCV x2, Dominion Trooper  
  78  16:44  Starport  
  78  16:45  SCV x2  
  78  16:49  Terran Infantry Weapons Level 3  
  80  16:50  Terran Infantry Armor Level 2  
  80  16:53  SCV x2  
  82  17:01  SCV, Imperial Witness  
  87  17:27  Dominion Trooper x2  
  89  17:35  Dominion Trooper x2  
  91  17:43  Dominion Trooper x2  
  93  17:51  Dominion Trooper x2  
  93  17:58  Dominion Trooper  
  93  17:59  Dominion Trooper  
  97  18:06  Dominion Trooper  
  97  18:07  Dominion Trooper  
  99  18:14  Dominion Trooper  
  99  18:15  Dominion Trooper  
  101  18:22  Dominion Trooper  
  101  18:23  Unknown x5, Dominion Trooper  
  101  18:24  Unknown x5  
  103  19:01  Unknown  
  103  19:03  Unknown  
  103  19:05  Unknown, Dominion Trooper  
  103  19:06  Dominion Trooper  
  102  19:13  Dominion Trooper  
  102  19:14  Dominion Trooper  
  104  19:20  Imperial Witness  
  104  19:21  Dominion Trooper  
  104  19:22  Dominion Trooper  
  104  19:29  Dominion Trooper  
  107  19:30  Dominion Trooper  
  107  19:31  Unknown  
  107  19:32  Unknown  
  107  19:33  Unknown x2  
  107  19:34  Unknown  
  107  19:35  Unknown  
  107  19:36  Unknown  
  107  19:37  Dominion Trooper  
  100  19:50  Imperial Witness  
  100  20:02  Unknown  
  100  20:03  Unknown  
  100  20:11  Dominion Trooper  
  100  20:12  Dominion Trooper  
  100  20:19  Dominion Trooper  
  103  20:20  Dominion Trooper, Imperial Witness  
  103  20:27  Dominion Trooper  
  103  20:28  Dominion Trooper  
  106  20:35  Dominion Trooper  
  106  20:36  Dominion Trooper  
  108  20:43  Dominion Trooper  
  108  20:44  Dominion Trooper  
  109  20:51  Dominion Trooper  
  109  20:58  Imperial Witness  
  109  21:14  Imperial Witness  
  109  21:15  Unknown  
  110  21:22  Unknown x2  
  110  21:24  Unknown  
  110  21:25  Unknown x2  
  110  21:26  Unknown, Battlecruiser  
  114  21:40  Imperial Witness  
  114  21:46  Unknown x4, Imperial Witness  
  114  21:47  Unknown  
  111  21:59  Unknown x2  
  109  22:06  SCV x6  
  109  22:09  Supply Bunker, Dominion Trooper x6  
  115  22:53  Supply Bunker x3  
  115  22:55  Supply Bunker  
  115  23:04  Dominion Trooper x6  
  115  23:28  Imperial Witness  
  117  23:35  Unknown x7  
  117  23:36  Unknown x8  
  117  23:58  Unknown  
  116  24:00  Unknown  
  113  24:19  SCV x6  
  113  24:25  Supply Bunker, Dominion Trooper x6  
  119  24:34  Missile Turret  
  119  24:35  Missile Turret  
  119  24:37  Imperial Witness  
  119  24:39  Missile Turret, Imperial Witness  
  119  24:40  Missile Turret  
  119  24:47  Missile Turret  
  119  24:48  Missile Turret  
  119  25:07  Missile Turret  
  119  25:10  Missile Turret  
  119  25:11  Missile Turret  
  119  25:12  Missile Turret  
  119  25:19  Missile Turret  
  119  25:21  Unknown  
  119  25:23  Missile Turret  
  115  25:43  Missile Turret  
  115  25:49  Missile Turret  
  115  25:50  Missile Turret  
  115  25:52  Unknown x2  
  115  25:53  Unknown  
  115  25:54  Unknown  
  115  25:55  Unknown x2  
  115  25:57  Unknown x2  
  115  25:58  Unknown  
  106  26:01  Unknown  
  105  26:10  Unknown  
  105  26:11  Unknown x2  
  105  26:12  Unknown, Missile Turret  
  105  26:13  Unknown  
  105  26:16  Missile Turret  
  100  26:21  Missile Turret  
  100  26:29  Unknown x3  
  97  26:31  Battlecruiser  
  107  26:44  Missile Turret  
  109  26:50  Missile Turret  
  109  26:54  Dominion Trooper  
  109  26:55  Dominion Trooper  
  109  26:56  Missile Turret  
  111  27:02  Dominion Trooper  
  111  27:03  Dominion Trooper  
  113  27:10  Missile Turret, Dominion Trooper  
  113  27:11  Dominion Trooper  
  113  27:18  Dominion Trooper  
  113  27:19  Dominion Trooper  
  117  27:26  Dominion Trooper x2  
  119  27:34  Dominion Trooper x2  
  121  27:42  Dominion Trooper x2  
  123  27:50  Dominion Trooper x2  
  123  27:55  Battlecruiser  
  132  28:05  Missile Turret  
  132  28:07  Missile Turret  
  132  28:15  Imperial Witness  
  121  29:43  Dominion Trooper  
  121  29:44  Dominion Trooper  
  123  29:51  Dominion Trooper x2  
Show
View Real Time Build Order
Export as new Build Order

NamroodTuo Zerg 

Build Orders:  

Get SALT Encoding   

  12  0:19  Infested Barracks  
  12  0:31  Infested SCV  
  12  0:38  Overlord  
  13  0:45  Infested SCV  
  14  0:51  Infested SCV  
  15  1:05  Infested SCV  
  16  1:22  Infestation Level 1  
  16  1:29  Infested SCV  
  17  1:33  Infested SCV  
  18  1:46  Infested Refinery  
  18  1:47  Infested SCV  
  19  1:51  Infested SCV  
  20  2:02  Overlord  
  20  2:19  Infested Marine  
  21  2:20  Infested Marine x2  
  21  2:26  Overlord  
  21  2:28  Infested SCV  
  24  2:44  Infested SCV  
  25  2:55  Infested Engineering Bay  
  25  2:57  Infested Barracks Tech Lab  
  25  3:09  Infested SCV, Infested Refinery  
  26  3:19  Infested SCV  
  27  3:37  Infested SCV  
  28  3:46  Infested Command Center  
  25  4:07  Infestation Level 2  
  25  4:23  Infested SCV x3  
  28  4:38  Infested Marine  
  28  4:39  Infested Marine x10  
  39  5:10  Infested Refinery  
  39  5:18  Stukov Infantry Weapons Level 1  
  39  5:53  Infested SCV  
  39  5:54  Infested SCV x4  
  39  5:55  Infested Command Center  
  44  6:03  Retinal Augmentation  
  44  6:07  Anaerobic Enhancement  
  44  6:15  Infested SCV x4  
  44  6:16  Infested SCV  
  38  7:03  Plagued Munitions  
  38  7:07  Broodling Gestation  
  38  7:11  Infested SCV x2  
  38  7:12  Infested SCV  
  38  7:17  Infested Refinery  
  38  7:19  Infested SCV  
  46  7:41  Infested Bunker  
  46  7:42  Infested SCV  
  46  7:43  Infested SCV  
  46  7:44  Overlord  
  46  7:45  Overlord x2  
  48  7:58  Stukov Infantry Armor Level 1  
  48  8:12  Overlord x2  
  48  8:13  Overlord  
  48  8:23  Infested SCV  
  49  8:58  Infested SCV x4  
  53  9:03  Overlord  
  53  9:14  Infested Bunker  
  57  9:29  Infested Factory  
  57  10:00  Unknown  
  57  10:09  Infested SCV  
  58  10:10  Infested SCV x2  
  58  10:17  Infested Bunker  
  68  10:24  Infested Bunker  
  68  10:38  Regenerative Plating  
  68  10:50  Infested Marine  
  68  10:51  Infested Marine x14  
  68  10:52  Infested Marine x5  
  88  11:05  Infested Armory  
  88  11:14  Infested Bunker  
  88  11:19  Infested Bunker  
  100  11:20  Infested Bunker  
  100  12:12  Overseer  
  100  12:13  Overseer x2  
  100  12:16  Aggressive Incubation  
  100  12:21  Stukov Infantry Armor Level 2  
  100  12:25  Stukov Vehicle and Ship Armor Level 1  
  100  12:30  Infested Factory Tech Lab  
  100  12:33  Infestation Level 3  
  100  12:41  Infested Marine  
  100  12:42  Infested Marine x10  
  100  12:43  Infested Marine x9  
  104  13:03  Infested Bunker  
  104  13:06  Infested Bunker  
  103  14:07  Overseer x3  
  103  14:08  Overseer x2  
  90  14:20  Infested Marine  
  90  14:21  Infested Marine x16  
  90  14:22  Infested Marine x3  
  96  14:44  Infested Bunker  
  82  14:51  Infested Bunker  
  74  15:05  Stukov Vehicle and Ship Weapons Level 1  
  74  15:13  Infested Bunker  
  74  15:29  Infested Bunker  
  78  15:31  Calcified Armor  
  82  15:41  Infested Bunker  
  82  16:17  Infested Marine  
  82  16:18  Infested Marine x11  
  82  16:19  Infested Marine x8  
  100  16:25  Infested Diamondback x2  
  100  16:26  Infested Diamondback  
  100  16:29  Overlord x3  
  109  16:30  Overlord x2  
  109  16:31  Stukov Infantry Weapons Level 2  
  109  16:32  Overlord x2  
  109  16:33  Overlord x3  
  109  16:37  Infested Marine  
  109  17:22  Infested Marine  
  109  17:23  Infested Marine x11  
  121  17:34  Infested Diamondback  
  121  17:35  Infested Diamondback x3  
  133  17:44  Stukov Vehicle and Ship Armor Level 2  
  133  17:50  Saturated Cultures  
  114  18:24  Infested Marine  
  114  18:25  Infested Marine x4  
  114  18:26  Infested Marine x4  
  114  18:28  Infested Diamondback x3  
  131  18:50  Caustic Mucus  
  131  19:08  Infested Diamondback x2  
  124  19:41  Stukov Infantry Armor Level 3  
  124  19:42  Infested Diamondback x2  
  124  19:48  Overlord x3  
  130  19:52  Overlord x2  
  130  19:55  Overseer x2  
  130  19:56  Overseer x2  
  107  20:30  Infested Diamondback  
  107  20:31  Infested Diamondback  
  113  20:54  Stukov Vehicle and Ship Weapons Level 2  
  121  21:32  Infested Bunker  
  121  21:47  Infested Bunker  
  121  21:51  Infested Diamondback x2  
  121  21:52  Infested Diamondback x2  
  121  21:54  Infested Diamondback  
  136  22:12  Overlord x3  
  136  22:13  Overlord x2  
  136  22:32  Infested Marine  
  136  22:33  Infested Marine x19  
  156  23:07  Infested Marine x5  
  156  23:08  Infested Marine x2  
  163  23:21  Stukov Infantry Weapons Level 3  
  167  23:46  Infested Bunker  
  174  24:04  Stukov Vehicle and Ship Armor Level 3, Infested Diamondback x3, Infested Bunker  
  174  24:05  Infested Diamondback  
  174  24:07  Infested Bunker  
  161  24:43  Infested Marine  
  161  24:44  Infested Marine x12  
  161  24:45  Infested Marine x6  
  179  24:58  Infested Marine  
  179  24:59  Infested Marine x2  
  182  25:09  Infested Diamondback x2  
  188  25:10  Infested Diamondback x2  
  188  25:16  Overlord x3  
  166  26:59  Infested Marine  
  165  27:00  Infested Marine x7  
  165  27:01  Infested Marine x12  
  181  27:27  Infested Diamondback  
  181  27:28  Infested Diamondback x4  
  164  29:38  Infested Diamondback  
  164  29:39  Infested Diamondback x4  
Tags
 
Add a new tag
Caveats
  • Supply blocks, unpowered buildings, or Contaminate may cause inaccurate times.
  • Supply counts are checked every 10 seconds.